AoeStats
← 刀尖上跳舞

QS Arena

503595430Analyzed
4v4 RM · 1mo ago on Sep 1, 2026· 46m 20s· 8 players
Game mode
Random Map
Map size
Large (8 player)
Population
200
Speed
Normal
Resources
Standard
Victory
Conquest
Starting age
Dark Age
Ending age
Imperial Age
RankedLock teamsTeams togetherTeam positionsShared explorationLock speedFull tech treeHidden civsTurbo modeCheats
Victory
Defeat
🇩🇪 Chinese · Germany
1038
+14
🇨🇭 Mapuche · Switzerland
1034
+14
🇨🇳 Khmer · China
1034
+14
🇨🇳 Inca · China
1028
+15
🇭🇰 Japanese · Hong Kong SAR China
1033
-16
🇨🇦 Vikings · Canada
993
-14
🇵🇱 Britons · Poland
992
-14
🇯🇵 Mongols · Japan
973
-13
Testing_123
6:37 Feudal Age
7:16 Double-Bit Axe
13:24 Castle Age
11:44 Horse Collar
12:46 Stone Mining
15:53 Loom
19:44 Fletching
22:50 Town Watch
23:35 Bow Saw
24:54 Heavy Plow
26:57 Atonement
29:45 Imperial Age
28:08 Town Patrol
28:40 Squires
29:18 Devotion
29:46 Chieftains
30:02 Masonry
32:25 Ballistics
32:36 Architecture
32:15 Bodkin Arrow
32:57 Bracer
32:22 Elite Skirmisher
35:23 Chemistry
35:18 Capped Ram
36:29 Conscription
35:30 Elite Berserk
39:40 Scale Mail Armor
39:51 Forging
41:07 Chain Mail Armor
40:51 Pikeman
41:05 Siege Ram
43:55 Hoardings
44:59 Two-Man Saw
46:04 Plate Mail Armor
46:10 Iron Casting
Majfon
9:39 Feudal Age
13:52 Castle Age
12:14 Double-Bit Axe
13:16 Horse Collar
19:50 Fletching
20:23 Ballistics
22:21 Wheelbarrow
24:28 Hand Cart
24:15 Heavy Plow
27:32 Bodkin Arrow
27:37 Padded Archer Armor
29:08 Yeomen
31:42 Imperial Age
30:46 Gold Mining
30:46 Stone Mining
32:00 Elite Longbowman
33:01 Conscription
33:11 Bracer
33:27 Leather Archer Armor
34:23 Chemistry
34:50 Onager
39:29 Cavalier
40:10 Husbandry
41:11 Ring Archer Armor
40:41 Scale Mail Armor
40:46 Scale Barding Armor
missahmiccy
1:47 Loom
11:04 Feudal Age
11:32 Double-Bit Axe
11:28 Horse Collar
15:54 Wheelbarrow
16:31 Gold Mining
16:33 Stone Mining
17:29 Gold Mining
17:30 Stone Mining
20:12 Castle Age
19:08 Scale Barding Armor
19:14 Forging
19:18 Bloodlines
21:24 Bow Saw
22:57 Heavy Plow
28:29 Fletching
28:39 Padded Archer Armor
31:28 Imperial Age
28:45 Town Watch
30:05 Hand Cart
30:49 Ballistics
31:08 Light Cavalry
32:52 Husbandry
33:13 Chain Barding Armor
33:29 Iron Casting
33:39 Conscription
36:42 Fletching
37:25 Padded Archer Armor
37:34 Thumb Ring
41:16 Bodkin Arrow
43:42 Gold Shaft Mining
43:39 Bracer
43:55 Leather Archer Armor
45:53 Blast Furnace
45:23 Parthian Tactics
45:16 Hussar
Dr.Lang
2:34 Loom
9:14 Feudal Age
14:14 Castle Age
12:40 Man-at-Arms
13:20 Double-Bit Axe
14:24 Horse Collar
20:49 Gold Mining
23:06 Bow Saw
27:16 Imperial Age
26:03 Scale Mail Armor
26:50 Gold Shaft Mining
27:18 Chain Mail Armor
26:29 Elite Skirmisher
27:15 Squires
27:24 Stone Mining
28:19 Wheelbarrow
29:27 Forging
29:57 Plate Mail Armor
31:46 Heavy Plow
32:47 Two-Man Saw
32:09 Hand Cart
33:48 Iron Casting
33:43 Padded Archer Armor
33:33 Fletching
35:21 Heavy Cavalry Archer
36:09 Thumb Ring
36:02 Bodkin Arrow
37:11 Chemistry
K_o_n_d_o_m
1:05 Loom
7:37 Feudal Age
7:59 Horse Collar
8:08 Double-Bit Axe
14:35 Wheelbarrow
14:04 Gold Mining
14:35 Stone Mining
14:47 Fletching
14:58 Padded Archer Armor
20:31 Castle Age
21:28 Bow Saw
21:21 Heavy Plow
21:45 Thumb Ring
23:38 Bodkin Arrow
24:36 Gold Shaft Mining
26:48 Ballistics
26:39 Fortified Wall
31:38 Imperial Age
30:12 Leather Archer Armor
33:27 Elite Chu Ko Nu
34:30 Conscription
35:48 Bracer
36:18 Ring Archer Armor
37:30 Hand Cart
38:26 Chemistry
37:25 Murder Holes
37:46 Elite Skirmisher
40:46 Two-Man Saw
L.默
7:42 Feudal Age
12:53 Castle Age
10:56 Stone Mining
12:50 Double-Bit Axe
13:26 Loom
17:04 Bow Saw
19:11 Horse Collar
20:07 Forging
22:17 Forging
25:15 Imperial Age
23:10 Treadmill Crane
24:13 Heavy Plow
25:04 Iron Casting
26:10 Squires
27:56 Padded Archer Armor
28:33 Ballistics
29:44 Crop Rotation
29:34 Fabric Shields
30:53 Elite Kamayuk
31:39 Fletching
31:52 Scale Mail Armor
33:35 Champi Runner
34:19 Gold Mining
35:47 Blast Furnace
34:31 Champi Warrior
37:21 Wheelbarrow
36:57 Elite Champi Warrior
39:17 Chain Mail Armor
39:34 Elite Skirmisher
41:37 Thumb Ring
41:25 Fletching
42:06 Plate Mail Armor
44:58 Arson
45:05 Fletching
45:31 Leather Archer Armor
刀尖上跳舞
9:53 Feudal Age
13:26 Castle Age
11:20 Stone Mining
15:50 Loom
17:02 Gold Mining
18:14 Double-Bit Axe
27:31 Imperial Age
27:15 Bow Saw
26:48 Horse Collar
30:42 Gold Shaft Mining
29:56 Onager
35:13 Heavy Scorpion
38:19 Chemistry
40:37 Double Crossbow
44:51 Wheelbarrow
45:40 Caravan
46:52 Ballistics
Repl4y
8:21 Feudal Age
12:39 Castle Age
11:09 Double-Bit Axe
11:06 Horse Collar
13:58 Bow Saw
13:50 Heavy Plow
15:43 Fervor
20:06 Wheelbarrow
21:52 Hand Cart
22:29 Loom
26:05 Imperial Age
23:50 Padded Archer Armor
23:40 Fletching
24:04 Gold Mining
24:06 Stone Mining
24:52 Leather Archer Armor
26:00 Ballistics
25:36 Bodkin Arrow
26:31 Gold Shaft Mining
26:32 Stone Shaft Mining
26:27 Town Watch
26:48 Scale Mail Armor
26:59 Forging
27:55 Chemistry
27:32 Ring Archer Armor
27:23 Elite Skirmisher
28:06 Malon
29:21 Conscription
29:08 Butalmapu
29:52 Crop Rotation
31:03 Elite Kona
32:55 Hoardings
34:55 Forging
34:45 Scale Mail Armor
34:57 Siege Engineers
34:35 Treadmill Crane
35:06 Masonry
34:43 Arrowslits
34:53 Murder Holes
37:51 Iron Casting
39:39 Blast Furnace
40:54 Architecture
40:42 Chain Mail Armor
Connection lost

Rejoining the realm…

Still unreachable

The connection could not be restored.

Session expired

The server has moved on; the page needs a fresh start.